AoeStats
← skeezerrr

Nomad

508499133Analyzed
4v4 RM · 10d ago on Sep 22, 2026· 54m 51s· 8 players
Game mode
Random Map
Map size
231×231
Population
200
Speed
Normal
Resources
Standard
Victory
Conquest
Starting age
Dark Age
Ending age
Imperial Age
RankedLock teamsTeams togetherTeam positionsShared explorationLock speedFull tech treeHidden civsTurbo modeCheats
Victory
Defeat
1300
+9
🇬🇧 Franks · United Kingdom
1195
+13
🇫🇷 Berbers · France
1176
+13
🇬🇧 Vietnamese · United Kingdom
1131
+15
🇷🇴 Jurchens · Romania
1165
-14
🇮🇹 Huns · Italy
1144
-13
🇫🇷 Vikings · France
1144
-13
🇷🇴 Goths · Romania
1059
-10
Petersplaff
8:31 Loom
14:37 Feudal Age
15:21 Double-Bit Axe
20:18 Castle Age
21:03 Crossbowman
25:46 Fletching
30:04 Bodkin Arrow
31:38 Bow Saw
31:23 Stone Mining
31:24 Gold Mining
32:12 Fishing Lines
35:45 Imperial Age
33:58 Padded Archer Armor
37:44 Conscription
36:54 Arbalester
39:21 Two-Man Saw
38:39 Bracer
38:55 Leather Archer Armor
41:20 Chemistry
40:40 Ballistics
45:28 Ring Archer Armor
46:18 Hoardings
48:18 Bogsveigar
mugur.andrei.gheorghe
4:55 Loom
13:54 Feudal Age
17:44 Castle Age
17:18 Double-Bit Axe
36:58 Fishing Lines
37:29 Town Watch
38:20 Wheelbarrow
45:54 Imperial Age
43:44 Padded Archer Armor
48:09 Conscription
48:46 Thunderclap Bombs
53:42 Hand Cart
53:28 Town Patrol
passami lo sdrogo
3:12 Loom
15:03 Feudal Age
19:17 Castle Age
17:15 Double-Bit Axe
18:28 Scale Barding Armor
18:30 Gold Mining
19:44 Bloodlines
20:37 Husbandry
22:12 Forging
22:43 Fishing Lines
26:11 Chain Barding Armor
29:37 Iron Casting
33:02 Gold Shaft Mining
37:15 Wheelbarrow
40:50 Hand Cart
42:26 Stone Mining
42:43 Fletching
42:54 Padded Archer Armor
46:18 Imperial Age
46:20 Cavalier
47:36 Plate Barding Armor
47:41 Conscription
49:36 Paladin
52:46 Blast Furnace
RandomGC
4:37 Loom
15:53 Feudal Age
36:36 Castle Age
39:54 Anarchy
41:41 Scale Mail Armor
43:04 Squires
51:46 Chain Mail Armor
Husain Bolt
4:42 Loom
14:13 Feudal Age
18:40 Castle Age
19:05 Stone Mining
35:40 Wheelbarrow
36:23 Husbandry
36:18 Double-Bit Axe
47:16 Bow Saw
KiFQiT - Joseph Vissarionovitch
5:59 Loom
13:06 Feudal Age
17:34 Castle Age
19:14 Scale Mail Armor
19:25 Forging
19:48 Arson
20:04 Squires
28:17 Chain Mail Armor
37:36 Double-Bit Axe
37:32 Horse Collar
45:41 Imperial Age
43:49 Wheelbarrow
47:39 Conscription
47:18 Hamask
48:36 Iron Casting
49:33 Hand Cart
52:15 Onager
53:54 Plate Mail Armor
BigFreak
3:37 Loom
13:53 Feudal Age
14:44 Fishing Lines
16:27 Double-Bit Axe
19:14 Castle Age
17:03 Horse Collar
19:58 Gillnets
20:23 Bow Saw
23:32 Coinage
23:28 Heavy Plow
25:17 Town Watch
26:26 Wheelbarrow
27:44 Medium Warships
30:20 Hand Cart
29:58 Gold Mining
29:59 Stone Mining
34:32 Kasbah
35:49 Masonry
38:31 Imperial Age
35:58 Fletching
36:09 Padded Archer Armor
36:42 Bodkin Arrow
37:20 Ballistics
37:36 Leather Archer Armor
39:39 Gold Shaft Mining
39:41 Stone Shaft Mining
39:34 Conscription
39:21 Bracer
39:52 Ring Archer Armor
40:32 Chemistry
40:10 Crop Rotation
40:26 Elite Camel Archer
40:36 Elite Camel Archer
42:54 Thumb Ring
43:07 Bloodlines
42:58 Husbandry
43:18 Maghrebi Camels
44:36 Hoardings
47:18 Elite Genitour
skeezerrr
4:55 Loom
14:09 Feudal Age
15:25 Wheelbarrow
15:36 Gold Mining
17:51 Town Watch
20:25 Castle Age
19:45 Stone Mining
21:19 Double-Bit Axe
22:51 Bow Saw
23:07 Elite Skirmisher
25:09 Fletching
30:17 Bodkin Arrow
38:25 Padded Archer Armor
43:02 Imperial Age
43:24 Thumb Ring
44:55 Chemistry
45:05 Two-Man Saw
44:39 Ballistics
44:49 Elite Rattan Archer
46:14 Bracer
48:39 Leather Archer Armor
52:08 Ring Archer Armor
53:24 Forging
Connection lost

Rejoining the realm…

Still unreachable

The connection could not be restored.

Session expired

The server has moved on; the page needs a fresh start.